 Dungeon Crawl Stone Soup version 0.27-a0-1196-g3e9cee4cb2 (webtiles) character file.

Game seed: 10465930623663690111

29 Azzok the Chopper (level 3, 29/29 HPs)
             Began as a Demonspawn Berserker on May 29, 2021.
             Was a Follower of Trog.
             Quit the game on level 2 of the Dungeon.
             The game lasted 00:02:03 (878 turns).

Azzok the Chopper (Demonspawn Berserker)             Turns: 878, Time: 00:02:03

Health: 29/29      AC:  8    Str: 18    XL:     3   Next: 1%
Magic:  3/3        EV:  7    Int:  8    God:    Trog [*.....]
Gold:   52         SH:  0    Dex: 12    Spells: 2/2 levels left

rFire    . . .     SeeInvis .   a - +0 hand axe
rCold    + . .     Faith    .   (no shield)
rNeg     . . .     Spirit   .   d - +0 chain mail
rPois    .         Reflect  .   (no helmet)
rElec    .         Harm     .   (no cloak)
rCorr    .         Rampage  .   (no gloves)
Will     .....                  (no boots)
Stlth    ..........             (no amulet)
HPRegen  0.09/turn              e - ring of protection from cold
MPRegen  0.08/turn              (no ring)

@: no status effects
A: foul stench 1, sanguine armour 1
a: Renounce Religion, Berserk


You were on level 2 of the Dungeon.
You worshipped Trog.
Trog was aware of your devotion.
You visited 1 branch of the dungeon, and saw 2 of its levels.

You collected 52 gold pieces.

Inventory:

Hand Weapons
 a - a +0 hand axe (weapon)
Armour
 d - a +0 chain mail (worn)
Jewellery
 e - a ring of protection from cold (left hand)
Potions
 b - a potion of curing


   Skills:
 - Level 3.0 Fighting
 + Level 3.8 Axes
 - Level 1.7 Armour
 - Level 1.7 Dodging


You had 2 spell levels left.
You didn't know any spells.
Your spell library was empty.

Dungeon Overview and Level Annotations

Branches:
Dungeon (2/15)

Altars:
Makhleb


Innate Abilities, Weirdness & Mutations

You may rarely emit foul miasma when damaged in melee.
When seriously injured, your bleeding wounds create armour. (AC +0)


Message History

No target in view!
No target in view!
No target in view!
No target in view!
No target in view!
No target in view!
Found 7 gold pieces.
Things that are here:
a +0 dagger; a kobold corpse You now have 45 gold pieces (gained 7).
You now have 52 gold pieces (gained 7).
A dart slug comes into view.
A dart slug is nearby!
A dart slug is nearby!
The dart slug bites you.
You slash the dart slug!
The dart slug is severely wounded.
The dart slug bites you but does no damage.
You barely miss the dart slug.
The dart slug is severely wounded.
The dart slug bites you but does no damage.
A dart slug is nearby!
You hit the dart slug.
The dart slug is almost dead.
You hit the dart slug.
You kill the dart slug!
Trog accepts your kill.
A ball python comes into view.
The ball python hisses angrily.
A ball python is nearby!
A ball python is nearby!
You slash the ball python!
You kill the ball python!
Trog accepts your kill.
You have reached level 3!
Your experience leads to an increase in your attributes!
Increase (S)trength, (I)ntelligence, or (D)exterity?
You feel stronger.
Your demonic ancestry asserts itself...
You begin to emit a foul stench of rot and decay.
Are you sure you want to abandon this character and quit the game? (Confirm with "yes".)

··▒ ▒·▒▒▒▒▒▒▒▒▒▒
▒·▒▒·······▒
▒·▒▒·▒▒▒▒▒·▒
▒·▒▒·▒ ▒·▒
▒·▒▒·▒ ▒·▒
▒†▒▒·▒ ▒·▒
▒@▒▒·▒ ▒▒·▒▒
▒·▒▒·▒ ▒▒·▒·▒▒
▒·▒▒·▒▒▒·▒▒▒·▒▒
▒····▒▒·▒▒ ▒▒·▒
▒▒▒····▒·▒▒▒·▒▒
▒·······▒··▒▒▒▒▒
▒····▒·▒·▒······
▒···▒▒·····▒▒▒▒▒
▒···▒▒▒▒·▒▒▒


There were no monsters in sight!

Vanquished Creatures
  2 dart slugs
  A bat (D:1)
  An endoplasm (D:1)
  2 giant cockroaches (D:1)
  3 goblins (D:1)
  2 hobgoblins
  4 kobolds
  2 ball pythons
  A frilled lizard (D:1)
  5 rats (D:1)
23 creatures vanquished.

Notes
Turn   | Place    | Note
-------+----------+-------------------------------------------
     0 | D:1      | Azzok the Demonspawn Berserker began the quest for the Orb.
     0 | D:1      | Reached XP level 1. HP: 18/18 MP: 1/1
   158 | D:1      | Gained mutation: When seriously injured, your bleeding
                  | wounds create armour. (AC +0) [demonic ancestry]
   158 | D:1      | Reached XP level 2. HP: 22/24 MP: 2/2
   229 | D:1      | Found a faded altar of an unknown god.
   722 | D:2      | Found a burning altar of Makhleb.
   878 | D:2      | Gained mutation: You may rarely emit foul miasma when
                  | damaged in melee. [demonic ancestry]
   878 | D:2      | Reached XP level 3. HP: 29/29 MP: 3/3
   878 | D:2      | Quit the game

Illustrated notes

Levels and vault maps discovered:
D:1:      saegor_arrival_miasma, layout_basic,
          shapermc_ecumenical_altar_mp_urbaneastern,
          minmay_misc_feat_secret_circle
D:2:      layout_loops_ring, basic_altar, kennysheep_generic_room_11

Skill      XL: |  1 |
---------------+----+-----
Axes           | 3 |  3.8
Fighting       | |  3.0
Armour         | |  1.7
Dodging        | |  1.7

Action                   || total
-------------------------++-------
Melee: Hand axe          ||    59
  Use: Scroll            ||     2
Armor: Chain mail        ||    30
       Animal skin       ||     1
Dodge: Dodged            ||    22

Table legend: (Time is in decaauts)
 A = Elapsed time spent in this place.
 B = Non-inter-level travel time spent in this place.
 C = Inter-level travel time spent in this place.
 D = Time resting spent in this place.
 E = Time spent auto-exploring this place.
 F = Levels seen in this place.
 G = Mean time per level.
                   A        B        C        D        E       F      G
               +--------+--------+--------+--------+--------+-----+--------+
         Total |    885 |    885 |      0 |      0 |    692 |   2 |  442.5 |
       Dungeon |    885 |    885 |      0 |      0 |    692 |   2 |  442.5 |
               +--------+--------+--------+--------+--------+-----+--------+

Top non-repeatable levels by time:
     D:1: 727 daAuts
     D:2: 157 daAuts
